 Dungeon Crawl Stone Soup version 0.24-a0-139-geb6712d (webtiles) character file.

Game seed: 2619109949600239755

23 Anon1729 the Ducker (level 2, -1/14 HPs)
             Began as a Felid Monk on Mar 2, 2019.
             Killed from afar by a dart slug (4 damage)
             ... with a slug dart
             ... on level 2 of the Dungeon.
             The game lasted 00:01:17 (631 turns).

Anon1729 the Ducker (Felid Monk)                     Turns: 631, Time: 00:01:18

Health: -1/14      AC:  1    Str:  7    XL:     2   Next: 75%
Magic:  3/3        EV: 20    Int: 11    God:
Gold:   102        SH:  0    Dex: 18    Spells: 1/1 levels left
                                        Lives:  0   Deaths: 0

rFire    . . .     SeeInvis +     - Unarmed
rCold    . . .     Gourm    .   (shield unavailable)
rNeg     . . .     Faith    .   (armour unavailable)
rPois    .         Spirit   .   (helmet unavailable)
rElec    .         Reflect  .   (cloak unavailable)
rCorr    .         Harm     .   (gloves unavailable)
MR       .....                  (boots unavailable)
Stlth    +++.......             (no amulet)
HPRegen  0.04/turn              (no ring)
MPRegen  0.08/turn              (no ring)

@: quick
A: very small, no armour, no weapons or thrown items, stealth, claws 1, fangs 3,
see invisible, carnivore, speed 1, shaggy fur 1, slow metabolism 1, sharp paws
a: no special abilities


You were on level 2 of the Dungeon.
You were completely stuffed.

You visited 1 branch of the dungeon, and saw 2 of its levels.

You collected 102 gold pieces.

Inventory:

Scrolls
 c - 3 scrolls of teleportation {unknown}
 d - 2 scrolls of remove curse {unknown}
Potions
 b - a potion of flight {unknown}
Comestibles
 a - 2 rations


   Skills:
 + Level 3.3 Fighting
 + Level 4.6 Dodging
 + Level 2.8 Stealth
 + Level 3.2 Unarmed Combat


You had one spell level left.
You didn't know any spells.
Your spell library was empty.

Dungeon Overview and Level Annotations

Branches:
Dungeon (2/15)

Altars:


Innate Abilities, Weirdness & Mutations

You cannot wear armour.
You are incapable of wielding weapons or throwing items.
Your paws allow you to move quietly. (Stealth)
You have sharp claws.
You have razor-sharp teeth.
You have supernaturally acute eyesight. (SInv)
You are carnivorous and can eat meat at any time.
You cover ground quickly.
You are covered in fur. (AC +1)
You have a slow metabolism.
Your sharp claws are effective at attacking unaware monsters.


Message History

You are too injured to fight recklessly!
You are too injured to fight recklessly!
You scratch the worm.
The worm is heavily wounded.
You scratch the worm. You claw the worm.
You kill the worm!
You scratch the rat.
You kill the rat!
You see here a rat corpse.
You now have 70 gold pieces (gained 7).
You now have 85 gold pieces (gained 15).
You now have 102 gold pieces (gained 17).
A goblin and a dart slug come into view.
There are monsters nearby!
There are monsters nearby!
There are monsters nearby!
You are too injured to fight recklessly!
The dart slug launches a dart at you. The slug dart hits you.
You die...

##+###. ... .P.P... ..#
.......#w.# #........g#
###.### .........
[...... ...... .....#
#..#### #.... #.@...#
#.... .....#+####.##.#
#.... #.........#.#..#
#.... #.... ....+.#..#
#######.... #....
...###.## #..........
....###....#.#
#.......###
####.....##.#.#
#.......# #
#...........#.#
#.......#
#...†.....####.......###


You could see a dart slug and a goblin (sleeping).

Vanquished Creatures
  A worm (D:2)
  A giant cockroach (D:2)
  5 goblins
  A hobgoblin (D:2)
  4 kobolds
  A quokka (D:2)
  A ball python (D:1)
  A ball python zombie (D:1)
  2 frilled lizards
  A jackal zombie (D:1)
  2 rats (D:2)
20 creatures vanquished.

Notes
Turn   | Place    | Note
-------+----------+-------------------------------------------
     0 | D:1      | Anon1729 the Felid Monk began the quest for the Orb.
     0 | D:1      | Reached XP level 1. HP: 10/10 MP: 2/2
   263 | D:2      | Reached XP level 2. HP: 14/14 MP: 3/3
   631 | D:2      | Killed from afar by a dart slug

Levels and vault maps discovered:
D:1:      saegor_arrival_fortress, layout_basic
D:2:      layout_basic, corexii_corridor_pit, cheibrodos_gnoll_hut

Action                   || total
-------------------------++-------
Melee: Unarmed           ||    42
       Punch             ||     2
       Bite              ||     1
 Stab: Sleeping          ||     4
  Eat: Chunk             ||     7
Armor: Skin              ||     2
Dodge: Dodged            ||    30

Table legend:
 A = Non-vault XP
 B = Vault XP
 C = Vault XP percentage of total XP
 D = Non-vault monster count
 E = Vault monster count
 F = Vault count percentage of total count
                 A         B        C        D         E       F
            +---------+---------+-------+---------+---------+-------
      Total |      32 |       2 |   5.9 |      18 |       2 |  10.0
            +---------+---------+-------+---------+---------+-------
        D:1 |       8 |       2 |  20.0 |       5 |       2 |  28.6
        D:2 |      24 |       0 |   0.0 |      13 |       0 |   0.0
            +---------+---------+-------+---------+---------+-------
